AoeStats
← Vimabuma

Migration

510257033Analyzed
1v1 RM · 2d ago on Sep 30, 2026· 34m 0s· 2 players
Game mode
Random Map
Map size
132×132
Population
200
Speed
Normal
Resources
Standard
Victory
Conquest
Starting age
Dark Age
Ending age
Imperial Age
RankedLock teamsTeams togetherTeam positionsShared explorationLock speedFull tech treeHidden civsTurbo modeCheats
Victory
Defeat
🇨🇴 Koreans · Colombia
845
+14
🇦🇷 Spanish · Argentina
800
-14
Vimabuma
8:56 Loom
14:00 Feudal Age
14:23 Fishing Lines
14:34 Double-Bit Axe
16:53 Wheelbarrow
17:43 Wheelbarrow
18:00 Fletching
18:25 Forging
22:35 Town Watch
24:58 Castle Age
23:42 Horse Collar
24:00 Gold Mining
25:08 Stone Mining
26:23 Medium Warships
26:04 Gillnets
29:12 Bow Saw
29:22 Hand Cart
31:35 Thumb Ring
32:09 Squires
criskush
9:38 Loom
12:38 Feudal Age
13:45 Double-Bit Axe
17:13 Fletching
21:01 Castle Age
25:08 Wheelbarrow
32:05 Stone Mining
Connection lost

Rejoining the realm…

Still unreachable

The connection could not be restored.

Session expired

The server has moved on; the page needs a fresh start.